[ PARTIDA AOE2 · #508061865 ]
UnrankedVikingos vs Maya
Equipo del jugador · DERR
Equipo rival · VICT
[ ANÁLISIS DE REPETICIÓN · EXTRAÍDO DE LA PARTIDA GRABADA ]
Feudal
9:26
Castillos
22:39
Imperial
—
| APM promedio | 50.5 |
| APM pico | 100 |
| eAPM promedio | 21.7 |
| Aldeanos / militares | 84 / 62 |
Foco
⚔️ 39.4% · 🌾 60.6%
Archer ×29 · Skirmisher ×26 · Militia ×5 · Mangonel ×1 · Spearman ×1
Feudal
10:31
Castillos
20:31
Imperial
—
| APM promedio | 60.1 |
| APM pico | 98 |
| eAPM promedio | 25.1 |
| Aldeanos / militares | 78 / 40 |
Foco
⚔️ 43.4% · 🌾 56.6%
Archer ×25 · Eagle Scout ×8 · Militia ×3 · Mangonel ×3 · Battering Ram ×1
Mapa de la partida
Recursos iniciales + cada clic de construcción. Líneas = muros · curvas = relieve. ◆ oro · ⬟ piedra · ● bayas · ✦ reliquia · ◌ hueco del cierre
Tu base· Abierta — flanco sin cerrar
Base de addro94· ✓ Cerrada en 20:31 · 53t muro · 1 puerta(s)
Terreno inicial suavizado · ◌ = hueco del cierre detectado · pasá el cursor para detalles
Inputs por minuto
— DK | Mauseren - - addro94
Build order — DK | Mauseren
Primeras 150 de 236 acciones detectadas
| 0:00 | Encolar | Villager (Male) |
| 0:00 | Encolar | Villager (Male) |
| 0:01 | Encolar | Villager (Male) |
| 0:01 | Construir | House |
| 0:02 | Construir | House |
| 0:16 | Encolar | Villager (Male) |
| 1:21 | Encolar | Villager (Male) |
| 1:48 | Construir | Lumber Camp |
| 1:53 | Encolar | Villager (Male) |
| 2:18 | Encolar | Villager (Male) |
| 2:44 | Encolar | Villager (Male) |
| 3:00 | Encolar | Villager (Male) |
| 3:15 | Construir | House |
| 3:39 | Encolar | Villager (Male) |
| 4:02 | Encolar | Villager (Male) |
| 4:06 | Construir | House |
| 4:40 | Encolar | Villager (Male) |
| 4:42 | Encolar | Villager (Male) |
| 4:49 | Encolar | Villager (Male) |
| 5:02 | Construir | Barracks |
| 5:04 | Encolar | Villager (Male) |
| 5:37 | Encolar | Villager (Male) |
| 6:02 | Construir | House |
| 6:25 | Investigar | Loom |
| 6:37 | Construir | Palisade Wall |
| 6:37 | Construir | Palisade Wall |
| 6:38 | Construir | Palisade Wall |
| 6:38 | Construir | Palisade Wall |
| 7:11 | Construir | Palisade Wall |
| 7:12 | Construir | Palisade Wall |
| 7:13 | Encolar | Villager (Male) |
| 7:14 | Investigar | Feudal Age |
| 7:15 | Investigar | Feudal Age |
| 7:16 | Encolar | Villager (Male) |
| 7:18 | Construir | Mining Camp |
| 7:41 | Encolar | Militia |
| 8:00 | Encolar | Villager (Male) |
| 8:11 | Encolar | Militia |
| 8:20 | Encolar | Militia |
| 8:25 | Construir | Palisade Wall |
| 8:29 | Construir | Palisade Wall |
| 8:37 | Encolar | Villager (Male) |
| 8:49 | Construir | Palisade Wall |
| 8:51 | Construir | Palisade Wall |
| 8:53 | Construir | Palisade Wall |
| 8:56 | Construir | Palisade Wall |
| 9:01 | Construir | Palisade Wall |
| 9:02 | Encolar | Villager (Male) |
| 9:05 | Construir | Palisade Wall |
| 9:06 | Encolar | Villager (Male) |
| 9:15 | Encolar | Militia |
| 9:16 | Encolar | Villager (Male) |
| 9:26 | Edad | Edad Feudal |
| 9:40 | Construir | Archery Range |
| 9:45 | Investigar | Man-at-Arms (upgrade) |
| 9:45 | Encolar | Villager (Male) |
| 9:55 | Encolar | Villager (Male) |
| 10:02 | Construir | Mill |
| 10:27 | Construir | House |
| 10:28 | Construir | House |
| 10:32 | Investigar | Arson |
| 10:54 | Encolar | Villager (Male) |
| 11:11 | Construir | Farm |
| 11:13 | Construir | Farm |
| 11:16 | Encolar | Villager (Male) |
| 11:34 | Encolar | Archer |
| 11:45 | Encolar | Villager (Male) |
| 12:05 | Construir | Farm |
| 12:07 | Construir | Farm |
| 12:11 | Encolar | Villager (Male) |
| 12:27 | Encolar | Archer |
| 12:35 | Construir | Farm |
| 12:40 | Encolar | Villager (Male) |
| 12:40 | Encolar | Villager (Male) |
| 12:58 | Encolar | Archer |
| 13:02 | Encolar | Villager (Male) |
| 13:05 | Construir | Farm |
| 13:28 | Encolar | Villager (Male) |
| 13:31 | Construir | Farm |
| 13:36 | Encolar | Archer |
| 13:37 | Encolar | Villager (Male) |
| 13:43 | Construir | House |
| 13:43 | Construir | House |
| 14:01 | Encolar | Villager (Male) |
| 14:22 | Encolar | Villager (Male) |
| 14:24 | Investigar | Double-Bit Axe |
| 14:27 | Encolar | Archer |
| 14:34 | Construir | Farm |
| 14:37 | Investigar | Horse Collar |
| 14:47 | Construir | House |
| 14:59 | Encolar | Villager (Male) |
| 15:04 | Encolar | Villager (Male) |
| 15:10 | Construir | House |
| 15:17 | Encolar | Villager (Male) |
| 15:22 | Encolar | Archer |
| 15:47 | Encolar | Villager (Male) |
| 15:51 | Construir | Blacksmith |
| 16:06 | Encolar | Villager (Male) |
| 16:19 | Encolar | Archer |
| 16:21 | Construir | Farm |
| 16:22 | Encolar | Villager (Male) |
| 16:23 | Construir | Farm |
| 16:32 | Encolar | Archer |
| 16:32 | Encolar | Villager (Male) |
| 16:41 | Construir | House |
| 16:41 | Construir | House |
| 16:43 | Encolar | Villager (Male) |
| 16:48 | Construir | Farm |
| 17:04 | Encolar | Villager (Male) |
| 17:05 | Encolar | Archer |
| 17:05 | Encolar | Villager (Male) |
| 17:06 | Investigar | Fletching |
| 17:27 | Encolar | Villager (Male) |
| 17:29 | Construir | Farm |
| 17:30 | Encolar | Archer |
| 17:31 | Encolar | Villager (Male) |
| 17:35 | Investigar | Padded Archer Armor |
| 17:39 | Encolar | Skirmisher |
| 17:40 | Encolar | Skirmisher |
| 17:57 | Encolar | Villager (Male) |
| 18:26 | Encolar | Villager (Male) |
| 18:30 | Encolar | Villager (Male) |
| 18:31 | Encolar | Skirmisher |
| 18:44 | Encolar | Villager (Male) |
| 19:05 | Encolar | Villager (Male) |
| 19:07 | Encolar | Skirmisher |
| 19:10 | Encolar | Villager (Male) |
| 19:15 | Construir | Lumber Camp |
| 19:20 | Construir | Farm |
| 19:21 | Construir | Farm |
| 19:22 | Construir | Farm |
| 19:23 | Encolar | Archer |
| 19:28 | Encolar | Villager (Male) |
| 19:51 | Encolar | Archer |
| 19:58 | Investigar | Castle Age |
| 20:09 | Encolar | Archer |
| 20:20 | Encolar | Skirmisher |
| 20:21 | Encolar | Skirmisher |
| 20:26 | Construir | Archery Range |
| 20:59 | Encolar | Villager (Male) |
| 21:01 | Encolar | Archer |
| 21:05 | Encolar | Skirmisher |
| 21:06 | Encolar | Skirmisher |
| 21:07 | Construir | Farm |
| 21:07 | Construir | Farm |
| 21:08 | Construir | Farm |
| 21:17 | Construir | Market |
| 21:21 | Encolar | Villager (Male) |
| 21:27 | Encolar | Skirmisher |
| 21:41 | Encolar | Skirmisher |
Build order — addro94
Primeras 150 de 206 acciones detectadas
| 0:01 | Investigar | Loom |
| 0:02 | Construir | House |
| 0:02 | Construir | House |
| 0:06 | Encolar | Villager (Male) |
| 0:10 | Encolar | Villager (Male) |
| 0:13 | Encolar | Villager (Male) |
| 1:28 | Encolar | Villager (Male) |
| 1:50 | Encolar | Villager (Male) |
| 1:54 | Construir | Lumber Camp |
| 2:21 | Encolar | Villager (Male) |
| 2:23 | Encolar | Villager (Male) |
| 2:44 | Encolar | Villager (Male) |
| 3:19 | Encolar | Villager (Male) |
| 3:53 | Construir | House |
| 3:54 | Encolar | Villager (Male) |
| 4:24 | Encolar | Villager (Male) |
| 4:24 | Encolar | Villager (Male) |
| 4:42 | Construir | Barracks |
| 4:48 | Encolar | Villager (Male) |
| 4:49 | Encolar | Villager (Male) |
| 5:06 | Encolar | Villager (Male) |
| 5:13 | Construir | House |
| 5:21 | Encolar | Villager (Male) |
| 5:37 | Construir | House |
| 5:42 | Encolar | Villager (Male) |
| 5:53 | Encolar | Militia |
| 5:53 | Encolar | Militia |
| 5:54 | Encolar | Militia |
| 6:12 | Encolar | Villager (Male) |
| 6:22 | Encolar | Villager (Male) |
| 6:23 | Encolar | Villager (Male) |
| 6:28 | Construir | Mill |
| 7:24 | Encolar | Villager (Male) |
| 7:34 | Encolar | Villager (Male) |
| 7:41 | Encolar | Villager (Male) |
| 8:21 | Investigar | Feudal Age |
| 8:29 | Construir | Palisade Wall |
| 8:39 | Construir | Mining Camp |
| 8:46 | Construir | Palisade Wall |
| 9:01 | Construir | Palisade Wall |
| 9:02 | Construir | Palisade Wall |
| 9:16 | Construir | Palisade Wall |
| 9:19 | Construir | Palisade Wall |
| 9:29 | Encolar | Villager (Male) |
| 9:40 | Encolar | Villager (Male) |
| 10:09 | Construir | House |
| 10:15 | Encolar | Villager (Male) |
| 10:31 | Edad | Edad Feudal |
| 10:34 | Construir | Archery Range |
| 10:40 | Investigar | Double-Bit Axe |
| 10:42 | Encolar | Villager (Male) |
| 10:57 | Encolar | Villager (Male) |
| 11:06 | Encolar | Villager (Male) |
| 11:20 | Encolar | Villager (Male) |
| 11:26 | Construir | Farm |
| 11:29 | Encolar | Archer |
| 11:30 | Construir | House |
| 11:31 | Construir | House |
| 11:38 | Encolar | Villager (Male) |
| 11:56 | Encolar | Archer |
| 12:12 | Construir | Blacksmith |
| 12:31 | Encolar | Villager (Male) |
| 12:41 | Encolar | Villager (Male) |
| 12:47 | Encolar | Archer |
| 12:51 | Construir | Lumber Camp |
| 12:59 | Construir | House |
| 13:04 | Encolar | Villager (Male) |
| 13:14 | Construir | Farm |
| 13:23 | Encolar | Archer |
| 13:43 | Construir | Farm |
| 13:47 | Construir | House |
| 13:50 | Encolar | Archer |
| 13:54 | Encolar | Villager (Male) |
| 14:03 | Encolar | Villager (Male) |
| 14:06 | Encolar | Villager (Male) |
| 14:13 | Investigar | Fletching |
| 14:13 | Investigar | Fletching |
| 14:27 | Encolar | Archer |
| 14:30 | Construir | House |
| 14:38 | Construir | Farm |
| 14:39 | Construir | Farm |
| 14:41 | Construir | Farm |
| 14:45 | Construir | Farm |
| 14:53 | Encolar | Villager (Male) |
| 15:06 | Construir | House |
| 15:11 | Construir | Farm |
| 15:14 | Construir | Farm |
| 15:17 | Encolar | Archer |
| 15:33 | Construir | Farm |
| 15:36 | Construir | Farm |
| 15:39 | Construir | Farm |
| 15:41 | Construir | House |
| 15:45 | Encolar | Villager (Male) |
| 15:52 | Encolar | Archer |
| 16:01 | Construir | Farm |
| 16:22 | Construir | Palisade Gate |
| 16:28 | Encolar | Archer |
| 16:29 | Encolar | Villager (Male) |
| 16:32 | Construir | House |
| 16:33 | Construir | House |
| 16:45 | Construir | Farm |
| 16:49 | Construir | Farm |
| 17:09 | Construir | Archery Range |
| 17:19 | Encolar | Archer |
| 17:31 | Construir | House |
| 17:34 | Construir | House |
| 17:35 | Encolar | Villager (Male) |
| 17:51 | Investigar | Castle Age |
| 18:00 | Encolar | Archer |
| 18:00 | Encolar | Archer |
| 18:01 | Encolar | Villager (Male) |
| 18:42 | Encolar | Archer |
| 18:42 | Encolar | Archer |
| 18:43 | Encolar | Villager (Male) |
| 18:47 | Encolar | Villager (Male) |
| 18:50 | Encolar | Villager (Male) |
| 19:01 | Encolar | Villager (Male) |
| 19:20 | Encolar | Villager (Male) |
| 19:29 | Encolar | Villager (Male) |
| 19:34 | Encolar | Archer |
| 19:34 | Encolar | Archer |
| 19:36 | Construir | Barracks |
| 19:39 | Encolar | Eagle Scout |
| 19:39 | Encolar | Eagle Scout |
| 19:51 | Encolar | Archer |
| 19:51 | Encolar | Archer |
| 20:15 | Construir | Lumber Camp |
| 20:31 | Edad | Edad de los Castillos |
| 20:39 | Investigar | Bodkin Arrow |
| 20:47 | Investigar | Crossbowman (upgrade) |
| 21:09 | Encolar | Villager (Male) |
| 21:23 | Encolar | Archer |
| 21:24 | Encolar | Archer |
| 21:44 | Encolar | Villager (Male) |
| 21:46 | Encolar | Archer |
| 21:47 | Investigar | Thumb Ring |
| 21:53 | Encolar | Villager (Male) |
| 22:33 | Encolar | Villager (Male) |
| 22:36 | Encolar | Archer |
| 22:36 | Encolar | Archer |
| 22:37 | Encolar | Villager (Male) |
| 22:40 | Construir | Town Center |
| 22:54 | Encolar | Villager (Male) |
| 22:55 | Encolar | Villager (Male) |
| 23:09 | Encolar | Villager (Male) |
| 23:12 | Construir | Siege Workshop |
| 23:43 | Investigar | Bow Saw |
| 23:44 | Encolar | Villager (Male) |
| 23:47 | Encolar | Archer |
| 23:47 | Encolar | Archer |
Cronología de la partida
| 4:42 | addro94 · first_building Barracks |
| 5:02 | DK | Mauseren · first_building Barracks |
| 6:37 | DK | Mauseren · wall_segment Palisade Wall x1 |
| 6:37 | DK | Mauseren · wall_segment Palisade Wall x1 |
| 6:38 | DK | Mauseren · wall_segment Palisade Wall x1 |
| 6:38 | DK | Mauseren · wall_segment Palisade Wall x1 |
| 7:11 | DK | Mauseren · wall_segment Palisade Wall x1 |
| 7:12 | DK | Mauseren · wall_segment Palisade Wall x1 |
| 8:25 | DK | Mauseren · wall_segment Palisade Wall x1 |
| 8:29 | DK | Mauseren · wall_segment Palisade Wall x1 |
| 8:29 | addro94 · wall_segment Palisade Wall x12 |
| 8:46 | addro94 · wall_segment Palisade Wall x13 |
| 8:49 | DK | Mauseren · wall_segment Palisade Wall x1 |
| 8:51 | DK | Mauseren · wall_segment Palisade Wall x1 |
| 8:53 | DK | Mauseren · wall_segment Palisade Wall x1 |
| 8:56 | DK | Mauseren · wall_segment Palisade Wall x1 |
| 9:01 | DK | Mauseren · wall_segment Palisade Wall x1 |
| 9:01 | addro94 · wall_segment Palisade Wall x13 |
| 9:02 | addro94 · wall_segment Palisade Wall x1 |
| 9:05 | DK | Mauseren · wall_segment Palisade Wall x1 |
| 9:16 | addro94 · wall_segment Palisade Wall x9 |
| 9:19 | addro94 · wall_segment Palisade Wall x6 |
| 9:26 | DK | Mauseren · age_up feudal |
| 9:40 | DK | Mauseren · first_building Archery Range |
| 10:31 | addro94 · age_up feudal |
| 10:34 | addro94 · first_building Archery Range |
| 20:31 | addro94 · age_up castle |
| 22:39 | DK | Mauseren · age_up castle |
| 23:12 | addro94 · first_building Siege Workshop |
| 25:20 | DK | Mauseren · wall_segment Palisade Wall x1 |
| 25:21 | DK | Mauseren · wall_segment Palisade Wall x1 |
| 25:58 | DK | Mauseren · first_building Siege Workshop |
| 28:29 | DK | Mauseren · resign |
[ ANÁLISIS IA · 1 CRÉDITO ]
¿Qué pasó realmente en esta partida?
Wolo.gg analiza cada decisión: build order, eco, micro, errores típicos por bracket. Análisis personalizado por WhatsApp o Discord en 30 segundos.
Guía civ
Vikingos
Perfil
Jugador #10840748